[Event "Early-Titled-Tuesday-Blitz-October-03-2023"]
[Site "Chess.com"]
[Date "2023.10.03"]
[Round "9"]
[White "inegrepus"]
[Black "taleslascando"]
[Result "1-0"]
[WhiteElo "2170"]
[BlackElo "2021"]
[TimeControl "180+1"]
[EndTime "9:43:35 PDT"]
[Termination "inegrepus won by resignation"]

1. d4 Nf6 2. c4 g6 3. Nc3 Bg7 4.
e4 d6 5. Nf3 O-O 6. Be2 Nc6 7.
Be3 e5 8. d5 Ne7 9. h3 Nd7 10.
g4 f5 11. gxf5 gxf5 12. Bg5 f4 13. Rg1 Kh8 14. Qd2 Nf6 15. O-O-O Bxh3 16. Rh1 Bg4 17. Rdg1 Qd7 18. Bxf6 Bxf6 19. Nxe5 Bxe5 20. Bxg4 Qe8 21. f3 c6 22. Qh2 Qf7 23. Be6 Qg7 24. Rxg7 1-0

[Event "Early-Titled-Tuesday-Blitz-October-03-2023"]
[Site "Chess.com"]
[Date "2023.10.03"]
[Round "9"]
[White "Witik"]
[Black "hurricane7791"]
[Result "1-0"]
[WhiteElo "2837"]
[BlackElo "2701"]
[TimeControl "180+1"]
[EndTime "9:43:36 PDT"]
[Termination "Witik won by resignation"]

1. d4 Nf6 2. c4 e6 3. g3 c5 4. d5 exd5 5. cxd5 d6 6. Nc3 g6 7. Nf3 Bg7 8. Bg2 O-O 9. O-O Na6 10. Nd2 Nc7 11. a4 b6 12. Nc4 Ba6 13. Qb3 Bxc4 14. Qxc4 a6 15. Bf4 Qd7 16. b4 b5 17. Qb3 c4 18. Qc2 Nh5 19. Bd2 a5 20. Rab1 axb4 21. Rxb4 bxa4 22. Nxa4 Nb5 23. Nb6 Nd4 24. Qxc4 Qe7 25.
Nxa8 Rxa8 26. e3 Nf5 27. g4 1-0

[Event "Early-Titled-Tuesday-Blitz-October-03-2023"]
[Site "Chess.com"]
[Date "2023.10.03"]
[Round "9"]
[White "FM_Kappeler"]
[Black "betta2004"]
[Result "1-0"]
[WhiteElo "2377"]
[BlackElo "2505"]
[TimeControl "180+1"]
[EndTime "9:43:49 PDT"]
[Termination "FM_Kappeler won by resignation"]

1. d4 e5 2. dxe5 Nc6 3. Nf3 Qe7 4. Bf4 Qb4+ 5. Bd2 Qxb2 6. Nc3 Bb4 7. Rb1 Bxc3 8.
Rxb2 Bxb2 9. e3 Nxe5 10. Nxe5 Bxe5 11. Bd3 Ne7 12. O-O O-O 13. Qh5 Ng6 14. Bxg6 Bxh2+ 15. Kxh2 hxg6 16. Qc5 c6 17. Qd6 Re8 18. Bb4 b6 19.
Rd1 c5 20. Bc3 Re6 21. Qc7 Re4 22. Qd8+ Kh7 23. Qf8 f6 24. Rd6 Rh4+ 25. Kg1 Bb7 26. Qf7 Rg4 27. Rxd7 Rxg2+ 28. Kf1 Rg8 29. Rxb7 Rh2 30.
Bxf6 1-0

[Event "Early-Titled-Tuesday-Blitz-October-03-2023"]
[Site "Chess.com"]
[Date "2023.10.03"]
[Round "9"]
[White "rikchessmx"]
[Black "Boxerandchessplayer"]
[Result "1-0"]
[WhiteElo "2335"]
[BlackElo "2162"]
[TimeControl "180+1"]
[EndTime "9:43:55 PDT"]
[Termination "rikchessmx won by resignation"]

1. e4 e6 2. d4 d5 3. Nc3 dxe4 4.
Nxe4 Nd7 5. Nf3 Ngf6 6. Nxf6+ Nxf6 7. Bd3 Be7 8. Qe2 O-O 9. Bd2 b6 10. O-O-O Bb7 11. Kb1 a5 12. Ne5 Qxd4 13. Bc3 Qc5 14. f4 Nd5 15. Bd4 Qd6 16. g3 Kh8 17. Qh5 Nf6 18. Nxf7+ Rxf7 19. Qxf7 Bxh1 20. Bxf6 Bxf6 21.
Rxh1 e5 22. Qc4 exf4 23. Qe4 g6 24. Qxa8+ 1-0

[Event "Early-Titled-Tuesday-Blitz-October-03-2023"]
[Site "Chess.com"]
[Date "2023.10.03"]
[Round "9"]
[White "Denis_Makhnyov"]
[Black "slorovel"]
[Result "1-0"]
[WhiteElo "2918"]
[BlackElo "2508"]
[TimeControl "180+1"]
[EndTime "9:43:57 PDT"]
[Termination "Denis_Makhnyov won by checkmate"]

1. f4 d6 2. Nf3 g6 3. e4 c5 4.
Bc4 Bg7 5. O-O e6 6. d3 Nc6 7. Qe1 Nge7 8. Nc3 O-O 9. f5 gxf5 10. Bg5 Nd4 11. Qg3 Kh8 12. Nxd4 cxd4 13. exf5 Nxf5 14. Rxf5 Qd7 15. Ne4 exf5 16. Nf6 Qe7 17. Re1 Be6 18.
Nxh7 Qc7 19. Qh4 Be5 20. Nf6+ Kg7 21. Qh6# 1-0

[Event "Early-Titled-Tuesday-Blitz-October-03-2023"]
[Site "Chess.com"]
[Date "2023.10.03"]
[Round "9"]
[White "SAInt_666"]
[Black "Predator0608"]
[Result "1-0"]
[WhiteElo "2651"]
[BlackElo "2489"]
[TimeControl "180+1"]
[EndTime "9:44:02 PDT"]
[Termination "SAInt_666 won by resignation"]

1. e4 c5 2. Nf3 d6 3. Bb5+ Bd7 4. Bxd7+ Nxd7 5. O-O Ngf6 6. Qe2 g6 7. c3 Bg7 8. d4 cxd4 9. cxd4 e5 10. dxe5 dxe5 11. Nc3 O-O 12. Rd1 Qe7 13. Bg5 Qe6 14. Rd2 Rfd8 15. Rad1 h6 16. Bxf6 Bxf6 17. Nd5 Rdc8 18. Qe3 Kg7 19. Nc3 Nb6 20. b3 Rc6 21. h3 Rac8 22.
Nb5 Ra8 23. Rd6 Rxd6 24. Rxd6 Qe7 25. Qd2 Nc8 26. Rd7 Qc5 27. Nc7 Nb6 28. Ne6+ 1-0

[Event "Early-Titled-Tuesday-Blitz-October-03-2023"]
[Site "Chess.com"]
[Date "2023.10.03"]
[Round "9"]
[White "ploxoi"]
[Black "azikom"]
[Result "0-1"]
[WhiteElo "2458"]
[BlackElo "2582"]
[TimeControl "180+1"]
[EndTime "9:44:02 PDT"]
[Termination "azikom won by resignation"]

1. d4 c6 2. c4 d5 3. Nf3 Nf6 4. e3 Bf5 5. Nc3 e6 6. Nh4 Be4 7. f3 Bg6 8. g3 Nbd7 9. Bg2 Be7 10. O-O dxc4 11. e4 O-O 12. Nxg6 hxg6 13. a4 e5 14. Be3 a5 15. Re1 exd4 16. Qxd4 Bc5 17. Qxc4 Bxe3+ 18. Rxe3 Qb6 19. Qe2 Ne5 20. Qf2 Rfd8 21.
Rae1 Nd3 22. Rxd3 Qxf2+ 23. Kxf2 Rxd3 24. Re2 Rad8 25. Ke1 g5 26. Kf2 Rd2 27. Ke3 R8d3+ 28. Kf2 Nd7 29. Ke1 Rxe2+ 30. Kxe2 Rd4 31. Ke3 Rb4 32. Bh3 Nb6 33. f4 gxf4+ 34. gxf4 Nxa4 35. Ne2 Rxb2 36. e5 Nb6 37. Nd4 Nd5+ 38. Ke4 Rxh2 39. Bc8 Rh4 40. Ne2 Nxf4 41. Nxf4 0-1

[Event "Early-Titled-Tuesday-Blitz-October-03-2023"]
[Site "Chess.com"]
[Date "2023.10.03"]
[Round "9"]
[White "LionTheLeon_06"]
[Black "Marcin"]
[Result "1-0"]
[WhiteElo "2776"]
[BlackElo "2502"]
[TimeControl "180+1"]
[EndTime "9:44:04 PDT"]
[Termination "LionTheLeon_06 won by resignation"]

1. Nf3 g6 2. d4 Bg7 3. c3 b6 4. Bf4 Bb7 5. h3 d6 6. e3 Nd7 7.
Bh2 e5 8. Be2 e4 9. Nfd2 f5 10.
O-O Ngf6 11. a4 O-O 12. a5 Qe7 13. b4 Rae8 14. Na3 Nd5 15. Qb3 Kh8 16. c4 N5f6 17. Nb5 Nb8 18. Nxa7 g5 19. axb6 cxb6 20.
Nb5 Rd8 21. Ra7 Nc6 22. Bxd6 Rxd6 23. Rxb7 Qxb7 24. Nxd6 Qc7 25. Nxf5 Ne7 26. Nxe7 Qxe7 27. c5 h5 28. cxb6 g4 29. h4 Nd7 30. g3 Nxb6 31. b5 Bf6 32. Qc2 Bxh4 33. gxh4 Qxh4 34. Qxe4 Nd7 35. Qg2 Nf6 36. b6 Nh7 37. Ne4 Re8 38. b7 Kg7 39. Ng3 Ng5 40. Nf5+ 1-0

[Event "Early-Titled-Tuesday-Blitz-October-03-2023"]
[Site "Chess.com"]
[Date "2023.10.03"]
[Round "9"]
[White "UNSTOPPABLE_LEGEND"]
[Black "Sadykov_Ramil"]
[Result "0-1"]
[WhiteElo "2461"]
[BlackElo "2608"]
[TimeControl "180+1"]
[EndTime "9:44:07 PDT"]
[Termination "Sadykov_Ramil won by resignation"]

1. e4 e6 2. d4 d5 3. Nc3 Bb4 4. e5 Qd7 5. a3 Bf8 6. Nf3 b6 7.
Bd3 Ba6 8. O-O Bxd3 9. cxd3 Ne7 10. b4 Nf5 11. Ne2 a5 12. Rb1 axb4 13. axb4 h5 14. Ng3 Nc6 15. Nxf5 exf5 16. b5 Nd8 17. e6 Nxe6 18.
Ne5 Qd8 19. Re1 Bd6 20. Qf3 Qh4 21. Qxd5 O-O 22. g3 Qxd4 23. Qxd4 Nxd4 24. Kg2 Ra5 25.
Be3 Bxe5 0-1

[Event "Early-Titled-Tuesday-Blitz-October-03-2023"]
[Site "Chess.com"]
[Date "2023.10.03"]
[Round "9"]
[White "NikolaGry"]
[Black "ContrVersia"]
[Result "1-0"]
[WhiteElo "2733"]
[BlackElo "2876"]
[TimeControl "180+1"]
[EndTime "9:44:11 PDT"]
[Termination "NikolaGry won by checkmate"]

1. d4 Nf6 2. Bg5 e6 3. Nd2 h6 4. Bh4 c5 5. e3 cxd4 6. exd4 Be7 7. c3 O-O 8. Bd3 b6 9. Ngf3 Ba6 10. Bxa6 Nxa6 11.
Bxf6 Bxf6 12. h4 Qc7 13. Qe2 Qb7 14. g4 Nc7 15. O-O-O g6 16. g5 hxg5 17. hxg5 Bg7 18. Ne4 Nd5 19. Ne5 Qc7 20. Qf3 Rfc8 21. Qxf7# 1-0

[Event "Early-Titled-Tuesday-Blitz-October-03-2023"]
[Site "Chess.com"]
[Date "2023.10.03"]
[Round "9"]
[White "Jojo_898"]
[Black "JAN2404"]
[Result "1-0"]
[WhiteElo "2374"]
[BlackElo "2086"]
[TimeControl "180+1"]
[EndTime "9:44:18 PDT"]
[Termination "Jojo_898 won by resignation"]

1. e4 c5 2. Nf3 d6 3. c3 Nf6 4. Bd3 Nc6 5. h3 e6 6. O-O Be7 7. Bc2 O-O 8. d4 cxd4 9. cxd4 e5 10. Nc3 h6 11. a3 Qb6 12. d5 Na5 13. Be3 Qxb2 14.
Qd3 Bd7 15. Rfb1 Qxa1 16. Rxa1 Rfc8 17. Rb1 Nc4 18. Rxb7 Nxa3 19. Ba4 Bxa4 20. Nxa4 1-0

[Event "Early-Titled-Tuesday-Blitz-October-03-2023"]
[Site "Chess.com"]
[Date "2023.10.03"]
[Round "9"]
[White "Alexandr_Predke"]
[Black "Markov_Mikhail"]
[Result "1-0"]
[WhiteElo "2880"]
[BlackElo "2724"]
[TimeControl "180+1"]
[EndTime "9:44:19 PDT"]
[Termination "Alexandr_Predke won by resignation"]

1. d4 Nf6 2. Nf3 e6 3. Bg5 d5 4.
e3 Be7 5. Nbd2 O-O 6. Bd3 Nbd7 7. c3 h6 8. h4 c5 9. Ne5 Nxe5 10. dxe5 Nd7 11. f4 b5 12. Qh5 Nxe5 13. fxe5 Bxg5 14. hxg5 Qxg5 15. Bh7+ Kh8 16. Qxg5 hxg5 17. Nf3 f6 18. O-O-O g4 19. Bg6+ Kg8 20. Rh4 Rd8 21. Rdh1 Kf8 22. Rxg4 fxe5 23. Nxe5 Bb7 1-0

[Event "Early-Titled-Tuesday-Blitz-October-03-2023"]
[Site "Chess.com"]
[Date "2023.10.03"]
[Round "9"]
[White "Duhless"]
[Black "AlmasRakhmatullaev"]
[Result "0-1"]
[WhiteElo "2956"]
[BlackElo "2823"]
[TimeControl "180+1"]
[EndTime "9:44:25 PDT"]
[Termination "AlmasRakhmatullaev won by resignation"]

1. d4 d5 2. Nf3 e6 3. c4 a6 4. g3 dxc4 5. Bg2 Nc6 6. O-O Rb8 7. b3 cxb3 8. axb3 Nf6 9. Bb2 Be7 10. Nbd2 O-O 11.
Nc4 Nd7 12. e4 b5 13. Ne3 Bf6 14. e5 Be7 15. d5 exd5 16. Nxd5 Bb7 17. Qe2 Nb4 18.
Nxb4 Bxb4 19. Rad1 Qe7 20. e6 fxe6 21. Nd4 Bxg2 22.
Kxg2 Rb6 23. Qe4 Nf6 24. Qe2 c5 25. Nf5 Qb7+ 0-1

[Event "Early-Titled-Tuesday-Blitz-October-03-2023"]
[Site "Chess.com"]
[Date "2023.10.03"]
[Round "9"]
[White "DoctorCheckyll"]
[Black "viktorgen2021"]
[Result "1-0"]
[WhiteElo "2272"]
[BlackElo "2396"]
[TimeControl "180+1"]
[EndTime "9:44:28 PDT"]
[Termination "DoctorCheckyll won by resignation"]

1. e4 d5 2. exd5 Nf6 3. Nf3 Nxd5 4. d4 c5 5. c4 Nb6 6. d5 e6 7. Nc3 exd5 8. cxd5 Bd6 9. Be2 O-O 10. O-O Bf5 11. b3 N8d7 12. Bb2 Ne5 13. Nb5 Nxf3+ 14. Bxf3 a6 15. Nxd6 Qxd6 16. Qd2 Rad8 17. Rfd1 Bg6 18. Rac1 Rfe8 19. h4 h6 20. h5 Be4 21. Qc3 f6 22. Qxc5 Qxc5 23. Rxc5 Bxf3 24. gxf3 Re2 25.
Bc3 Rd7 26. a4 Re8 27. Ba5 Nc8 28. d6 Nxd6 29. Rcd5 Re6 30. Bb4 1-0

[Event "Early-Titled-Tuesday-Blitz-October-03-2023"]
[Site "Chess.com"]
[Date "2023.10.03"]
[Round "9"]
[White "RETURNOFTHELAGGER"]
[Black "Caroexpert"]
[Result "1-0"]
[WhiteElo "2659"]
[BlackElo "2495"]
[TimeControl "180+1"]
[EndTime "9:44:30 PDT"]
[Termination "RETURNOFTHELAGGER won by resignation"]

1. e4 c6 2. d4 d5 3. Nc3 dxe4 4. Nxe4 Nf6 5. Nxf6+ exf6 6. c3 Bd6 7. Bd3 O-O 8.
Qc2 Re8+ 9. Ne2 h5 10. Be3 Nd7 11. O-O-O b5 12. g4 hxg4 13. Rdg1 Nb6 14. h3 gxh3 15. Bh6 g5 16. f4 Rxe2 17. Qxe2 Bxf4+ 18. Kb1 Be6 19. Qe4 f5 20. Qxf4 f6 21. Bxf5 Qd5 22. Bxe6+ Qxe6 23. Bxg5 fxg5 24. Rxg5+ Kh7 1-0

[Event "Early-Titled-Tuesday-Blitz-October-03-2023"]
[Site "Chess.com"]
[Date "2023.10.03"]
[Round "9"]
[White "PoXerStar"]
[Black "GianmarcoVaR"]
[Result "1/2-1/2"]
[WhiteElo "2451"]
[BlackElo "2653"]
[TimeControl "180+1"]
[EndTime "9:44:32 PDT"]
[Termination "Game drawn by agreement"]

1. Nf3 d5 2. g3 c6 3. Bg2 Bg4 4. O-O Nd7 5. d3 e5 6. e4 Bd6 7. Nbd2 Ne7 8. h3 Bh5 9. Re1 O-O 10. g4 Bg6 11. Nh4 f6 12. Nf5 Nxf5 13. gxf5 Bf7 14.
Kh1 Kh8 15. Rg1 Rg8 16. Bf3 g6 17. fxg6 hxg6 18. Nf1 Qe7 19. Qd2 Rg7 20. Ne3 Rh7 21. Kg2 Be6 22. Rh1 dxe4 23. dxe4 Kg7 24. Bg4 Rah8 25.
Qe2 Nc5 26. Bxe6 Qxe6 27. Ng4 f5 28. exf5 gxf5 29. Ne3 Qh6 30. Nxf5+ 1/2-1/2

[Event "Early-Titled-Tuesday-Blitz-October-03-2023"]
[Site "Chess.com"]
[Date "2023.10.03"]
[Round "9"]
[White "szachuspl"]
[Black "Korchmar_Vasiliy"]
[Result "0-1"]
[WhiteElo "2534"]
[BlackElo "2689"]
[TimeControl "180+1"]
[EndTime "9:44:40 PDT"]
[Termination "Korchmar_Vasiliy won by checkmate"]

1. d4 Nf6 2. c4 e6 3. Nf3 d5 4.
Nc3 dxc4 5. Bg5 a6 6. a4 Bb4 7.
e3 h6 8. Bxf6 Qxf6 9. Bxc4 c5 10. O-O cxd4 11. Nxd4 Bxc3 12. bxc3 O-O 13. Qb3 e5 14.
Nf3 Nc6 15. Qb6 Bg4 16. Bd5 Rad8 17. Rfd1 Rxd5 18. Rxd5 Bxf3 19. gxf3 Qxf3 20. Rad1 Nd4 21. R5xd4 exd4 22. Rxd4 Re8 23. Rf4 Qd1+ 24. Kg2 Qd5+ 25. Kf1 Qd1+ 26. Kg2 Re6 27. Qxb7 Rg6+ 28. Kh3 Qh5+ 29. Rh4 Qf5+ 30. Rg4 Qxg4# 0-1

[Event "Early-Titled-Tuesday-Blitz-October-03-2023"]
[Site "Chess.com"]
[Date "2023.10.03"]
[Round "9"]
[White "Triumphmate"]
[Black "profedechess93"]
[Result "1-0"]
[WhiteElo "2499"]
[BlackElo "2626"]
[TimeControl "180+1"]
[EndTime "9:44:43 PDT"]
[Termination "Triumphmate won by resignation"]

1. e4 e6 2. d4 d5 3. exd5 exd5 4. Bd3 Nc6 5. Nf3 Bg4 6. c3 Bd6 7. O-O Nge7 8. Be3 Qd7 9. Nbd2 O-O-O 10. b4 f6 11. a4 Rdg8 12. a5 g5 13. b5 Nd8 14.
b6 a6 15. bxc7 Bxc7 16. c4 Ndc6 17. Qb3 Nxa5 18. Qc3 Nxc4 19. Rfc1 Kb8 20. Rcb1 Rc8 21. Rxa6 Bf4 22. Bxf4+ gxf4 23. Nxc4 dxc4 24. Be4 Nd5 25. Qa5 1-0

[Event "Early-Titled-Tuesday-Blitz-October-03-2023"]
[Site "Chess.com"]
[Date "2023.10.03"]
[Round "9"]
[White "FMVolodymyrSakun"]
[Black "pasteta13"]
[Result "0-1"]
[WhiteElo "2616"]
[BlackElo "2444"]
[TimeControl "180+1"]
[EndTime "9:44:44 PDT"]
[Termination "pasteta13 won by resignation"]

1. e4 c5 2. Nf3 g6 3. d4 cxd4 4. Qxd4 Nf6 5. e5 Nc6 6. Qf4 Nd5 7. Qe4 Ndb4 8. a3 d5 9. Qe2 Na6 10. h3 Bg7 11. Bf4 O-O 12. Nc3 d4 13. O-O-O dxc3 14. Rxd8 cxb2+ 15. Kxb2 Rxd8 16. Qe3 Nc7 17. Bc4 Nd5 18.
Bxd5 Rxd5 19. g4 Na5 20. Qe4 Be6 21. Qb4 Rc8 22. Qxe7 Bf8 23. Qh4 Nc4+ 24. Ka1 Nxa3 25. Rc1 Nxc2+ 26. Rxc2 Rxc2 27. Kb1 Rc6 28. Bd2 Rb5+ 29.
Ka1 Ra6+ 0-1

[Event "Early-Titled-Tuesday-Blitz-October-03-2023"]
[Site "Chess.com"]
[Date "2023.10.03"]
[Round "9"]
[White "koncheto"]
[Black "Roman_Ovetchkin"]
[Result "0-1"]
[WhiteElo "2546"]
[BlackElo "2708"]
[TimeControl "180+1"]
[EndTime "9:44:46 PDT"]
[Termination "Roman_Ovetchkin won by resignation"]

1. e4 c6 2. d4 d5 3. Nc3 dxe4 4. Nxe4 Nf6 5. Nxf6+ exf6 6. c3 Bd6 7. Bd3 O-O 8.
Ne2 Re8 9. O-O Nd7 10. Ng3 Nf8 11. f4 Bc7 12. f5 Bxg3 13. hxg3 c5 14. dxc5 Qd5 15.
Qf3 Qxc5+ 16. Kh2 Bd7 17. Be4 Bc6 18. Bxc6 bxc6 19. Bf4 Qxf5 20. Qxc6 Qc2 21. b3 Rac8 22.
Rfc1 Qf5 23. Qa6 Ng6 24. Bd6 h5 25. c4 Re2 26. c5 Rce8 27. c6 Qd5 0-1

[Event "Early-Titled-Tuesday-Blitz-October-03-2023"]
[Site "Chess.com"]
[Date "2023.10.03"]
[Round "9"]
[White "Frolyanov_D"]
[Black "noblerone"]
[Result "1-0"]
[WhiteElo "2672"]
[BlackElo "2496"]
[TimeControl "180+1"]
[EndTime "9:44:51 PDT"]
[Termination "Frolyanov_D won by resignation"]

1. d4 d5 2. c4 c6 3. Nc3 Nf6 4. Nf3 dxc4 5. a4 Bf5 6. Ne5 Nbd7 7. Nxc4 Nb6 8. Ne5 a5 9. g3 Nfd7 10. Bf4 e6 11. Bg2 Bb4 12. O-O O-O 13. e4 Bg6 14. Nxg6 hxg6 15. h4 Nf6 16. Bg5 Be7 17. Bxf6 Bxf6 18. e5 Be7 19. h5 gxh5 20. Qxh5 g6 21.
Qg4 Kg7 22. Rad1 Nd5 23. Be4 Rh8 24. Kg2 Qb6 25. Rh1 Qxb2 26. Nxd5 cxd5 27. Bxg6 fxg6 28. Qxe6 Raf8 29. Qxe7+ Rf7 30. Qxf7+ Kxf7 31. Rxh8 Qc2 32. Re1 Kg7 33. e6 1-0

[Event "Early-Titled-Tuesday-Blitz-October-03-2023"]
[Site "Chess.com"]
[Date "2023.10.03"]
[Round "9"]
[White "Iskusnyh"]
[Black "AnaKuchava"]
[Result "1-0"]
[WhiteElo "2608"]
[BlackElo "2233"]
[TimeControl "180+1"]
[EndTime "9:44:56 PDT"]
[Termination "Iskusnyh won by checkmate"]

1. d4 d5 2. c4 e6 3. Nf3 Nf6 4.
g3 Bb4+ 5. Bd2 Be7 6. Bg2 O-O 7. Qc2 c6 8. Nc3 b6 9. e4 dxc4 10. Rd1 Bb7 11. O-O Nbd7 12. Bf4 b5 13. Rfe1 Qb6 14. h4 Rfd8 15. Bg5 h6 16. e5 hxg5 17. exf6 Nxf6 18. hxg5 Nd5 19. g6 Nb4 20. gxf7+ Kxf7 21. Ne5+ Kg8 22.
Qg6 Bf6 23. Qf7+ Kh8 24. Ng6+ Kh7 25. Be4 c5 26. Ne7+ Kh8 27. Qh5# 1-0

[Event "Early-Titled-Tuesday-Blitz-October-03-2023"]
[Site "Chess.com"]
[Date "2023.10.03"]
[Round "9"]
[White "Elsa167"]
[Black "Man-Chuk"]
[Result "1-0"]
[WhiteElo "2913"]
[BlackElo "2782"]
[TimeControl "180+1"]
[EndTime "9:44:57 PDT"]
[Termination "Elsa167 won on time"]

1. d4 Nf6 2. c4 e6 3. Nf3 d5 4.
Nc3 Bb4 5. Bg5 h6 6. Bxf6 Qxf6 7.
e3 O-O 8. Rc1 Nc6 9. Be2 dxc4 10.
Bxc4 e5 11. O-O Bxc3 12. bxc3 Bg4 13. Bd5 Rad8 14. Be4 Rfe8 15. Qc2 exd4 16. cxd4 Rd6 17. Qb1 b6 18. Rxc6 Rxc6 19. Ne5 Rce6 20. Nxg4 Qg5 21. Bf3 c5 22. Ne5 cxd4 23. exd4 Qd8 24. Nc6 Qd6 25. d5 Rf6 26. Re1 1-0

[Event "Early-Titled-Tuesday-Blitz-October-03-2023"]
[Site "Chess.com"]
[Date "2023.10.03"]
[Round "9"]
[White "Leonid_Starozhilov"]
[Black "vladgoncharov"]
[Result "1-0"]
[WhiteElo "2732"]
[BlackElo "2514"]
[TimeControl "180+1"]
[EndTime "9:44:58 PDT"]
[Termination "Leonid_Starozhilov won by resignation"]

1. d4 Nf6 2. Nf3 e6 3. Bf4 c5 4.
e3 d5 5. c3 Nc6 6. Nbd2 Bd6 7.
Bg3 Bxg3 8. hxg3 O-O 9. Bd3 h6 10. Ne5 Nxe5 11. dxe5 Nd7 12. Qh5 f5 13. exf6 Qxf6 14.
Nf3 c4 15. Bc2 Nc5 16. g4 Ne4 17. O-O-O Bd7 18. Bxe4 dxe4 19. g5 Qf7 20. Qxf7+ Rxf7 21. Ne5 Ba4 22. gxh6 gxh6 23. Nxf7 Bxd1 24. Nxh6+ Kg7 25. Kxd1 Rh8 26. Ke2 1-0

[Event "Early-Titled-Tuesday-Blitz-October-03-2023"]
[Site "Chess.com"]
[Date "2023.10.03"]
[Round "9"]
[White "shimastream"]
[Black "Sethu0025"]
[Result "1-0"]
[WhiteElo "2973"]
[BlackElo "2867"]
[TimeControl "180+1"]
[EndTime "9:45:03 PDT"]
[Termination "shimastream won by resignation"]

1. d4 d5 2. Nf3 Nf6 3. Bg5 Ne4 4. Bh4 c5 5. e3 Qa5+ 6. Nbd2 Bg4 7. c3 Nc6 8. dxc5 Qxc5 9. Qb3 Nxd2 10. Nxd2 e6 11. Bd3 Bd6 12. O-O Qb6 13. Qc2 Rc8 14. Rfe1 Nb4 15.
Qa4+ Kf8 16. cxb4 Qxb4 17. Qd7 e5 18. Bf5 Bxf5 19. Qxf5 Re8 20. Nf3 f6 21. Rac1 Kf7 22. Ng5+ Kg8 23. Qd7 1-0

[Event "Early-Titled-Tuesday-Blitz-October-03-2023"]
[Site "Chess.com"]
[Date "2023.10.03"]
[Round "9"]
[White "curradogianfigliazzi"]
[Black "Rozhkov_V"]
[Result "0-1"]
[WhiteElo "2268"]
[BlackElo "2441"]
[TimeControl "180+1"]
[EndTime "9:45:04 PDT"]
[Termination "Rozhkov_V won by resignation"]

1. e4 e6 2. d4 d5 3. Nc3 Bb4 4. Ne2 dxe4 5. a3 Bxc3+ 6. Nxc3 Nc6 7. Bb5 Ne7 8. Nxe4 Qd5 9. Qe2 Bd7 10. c4 Qxd4 11.
O-O O-O-O 12. Rd1 Qe5 13. f4 Qf5 14. Ng3 Qg6 15. Be3 h5 16. b4 h4 17. Nf1 Nf5 18. c5 e5 19. Bd3 Be6 20. b5 Ncd4 21. Bxd4 Nxd4 22. Qxe5 Nf3+ 0-1

[Event "Early-Titled-Tuesday-Blitz-October-03-2023"]
[Site "Chess.com"]
[Date "2023.10.03"]
[Round "9"]
[White "lluiss"]
[Black "MikeSailer"]
[Result "1-0"]
[WhiteElo "2209"]
[BlackElo "2138"]
[TimeControl "180+1"]
[EndTime "9:45:04 PDT"]
[Termination "lluiss won by resignation"]

1. e4 d5 2. e5 c5 3. Nf3 Nc6 4. h3 Bf5 5. Bb5 e6 6. d4 Qb6 7. Nc3 a6 8. Ba4 O-O-O 9. Bxc6 Qxc6 10. O-O Nh6 11. dxc5 Bxc5 12. Nd4 Bxd4 13. Qxd4 Bxc2 14. Bxh6 gxh6 15. Rfc1 Kb8 16. Rxc2 Rhg8 17. Rac1 Rg6 18. Ne2 Qb5 19. Nf4 Rg5 20. a4 Qb3 21. Rc3 Qa2 22. Qb6 Rdg8 23. Rc7 1-0

[Event "Early-Titled-Tuesday-Blitz-October-03-2023"]
[Site "Chess.com"]
[Date "2023.10.03"]
[Round "9"]
[White "igorkovalenko"]
[Black "Oleksandr_Bortnyk"]
[Result "0-1"]
[WhiteElo "2885"]
[BlackElo "3021"]
[TimeControl "180+1"]
[EndTime "9:45:07 PDT"]
[Termination "Oleksandr_Bortnyk won by resignation"]

1. c4 Nf6 2. g3 g6 3. Bg2 Bg7 4. Nc3 d6 5. Nf3 O-O 6. O-O c5 7. d4 Nc6 8. dxc5 dxc5 9. Be3 Bg4 10. Bxc5 Qa5 11. Ba3 Rfd8 12. Qa4 Qh5 13. Qb5 e5 14. Qxb7 Rac8 15. Rad1 Nd4 16. Rfe1 Rb8 17. Qxa7 Nxe2+ 18. Rxe2 Bxf3 19. Rxd8+ Rxd8 20. Rd2 Re8 21. h3 e4 22. Nd5 Bxg2 23. Nxf6+ Bxf6 24. Kxg2 Qf3+ 25. Kh2 e3 26. fxe3 Be5 27. Rg2 Rd8 28. Qe7 Bxg3+ 0-1

[Event "Early-Titled-Tuesday-Blitz-October-03-2023"]
[Site "Chess.com"]
[Date "2023.10.03"]
[Round "9"]
[White "Firouzja2003"]
[Black "Hikaru"]
[Result "1/2-1/2"]
[WhiteElo "3126"]
[BlackElo "3263"]
[TimeControl "180+1"]
[EndTime "9:45:10 PDT"]
[Termination "Game drawn by agreement"]

1. e4 e5 2. Nf3 Nc6 3. Bc4 Nf6 4. d3 Bc5 5. c3 d6 6. O-O a6 7. Re1 O-O 8. a4 Ba7 9. h3 h6 10. Nbd2 Re8 11. b4 Be6 12. Bxe6 Rxe6 13. Bb2 Ne7 14. d4 Ng6 15. c4 exd4 16. Nxd4 Bxd4 17. Bxd4 c5 18. bxc5 dxc5 19. Bxc5 Rc8 20. Ba3 Ne5 21. Qe2 Nh5 22. Qxh5 Qxd2 23. Rad1 Qg5 24. Qxg5 hxg5 25.
c5 Nc4 26. Bc1 Rxc5 27. Rd8+ Kh7 28. Rd7 b5 29. axb5 Ne5 30. Rb7 Nd3 31. Be3 Rxb5 32. Rxb5 axb5 33. Rb1 Rxe4 34. Rxb5 f6 35. Rd5 Ne5 36.
Rd4 1/2-1/2

[Event "Early-Titled-Tuesday-Blitz-October-03-2023"]
[Site "Chess.com"]
[Date "2023.10.03"]
[Round "9"]
[White "Gyulamiryan-koryun"]
[Black "stratacticos"]
[Result "1-0"]
[WhiteElo "1997"]
[BlackElo "1756"]
[TimeControl "180+1"]
[EndTime "9:45:13 PDT"]
[Termination "Gyulamiryan-koryun won on time"]

1. e4 c5 2. Nf3 Nc6 3. d4 cxd4 4. Nxd4 e5 5. Nb5 d6 6. N1c3 a6 7. Na3 b5 8. Nd5 Nce7 9. c4 Nxd5 10. Qxd5 Be6 11.
Qc6+ Bd7 12. Qd5 Nf6 13. Qd3 bxc4 14. Nxc4 Bb5 15. b3 d5 16. exd5 Bb4+ 17. Bd2 Nxd5 18. Bxb4 Nxb4 19. Qc3 Nc6 20. Rd1 Nd4 21. Nxe5 Bxf1 22.
Rxd4 Qf6 23. Kxf1 O-O 24. f4 Rac8 25. Qd2 Qf5 26. g4 Qb1+ 27. Kg2 Qc2 28. Qxc2 Rxc2+ 29. Kg3 Rxa2 30. Rb1 Re8 31. Ra4 Rxa4 32. bxa4 g5 33. Rb6 gxf4+ 34. Kxf4 Rd8 35. Kf5 a5 36. Kf6 1-0

[Event "Early-Titled-Tuesday-Blitz-October-03-2023"]
[Site "Chess.com"]
[Date "2023.10.03"]
[Round "9"]
[White "zozik"]
[Black "cycygogne"]
[Result "1-0"]
[WhiteElo "2347"]
[BlackElo "2235"]
[TimeControl "180+1"]
[EndTime "9:45:14 PDT"]
[Termination "zozik won by resignation"]

1. d4 Nf6 2. Nf3 c5 3. g3 cxd4 4. Nxd4 e5 5. Nf3 Nc6 6. Bg2 d5 7. O-O Bc5 8. c4 d4 9. a3 a5 10. Nbd2 O-O 11. Ne1 Bf5 12. Nd3 Ba7 13. b3 Qd7 14. Bb2 Rad8 15. Bxc6 bxc6 16. Nxe5 Qe6 17. Ndf3 Ng4 18. Nxg4 Bxg4 19. Qd2 c5 20. Rfe1 Rfe8 21. Qxa5 Bb6 22. Qd2 Qh6 23. Qxh6 gxh6 24. Kg2 Ba5 25. b4 cxb4 26. axb4 Bxb4 27. Red1 Rxe2 28. Rxd4 Rxd4 29. Bxd4 f5 30. Ra8+ Kf7 31. Ne5+ Ke6 32. Ra6+ Bd6 33.
c5 Rxe5 34. Rxd6+ 1-0